 Dungeon Crawl Stone Soup version 0.29-a0-925-g0a7a3d12f8 (webtiles) character file.

Game seed: 4103998951826255502

238 reriks the Stinger (level 6, 0/49 HPs)
             Began as a Naga Venom Mage on July 28, 2022.
             Slain by Blork the orc
             ... wielding a +3 war axe of electrocution
              (9 damage)
             ... on level 4 of the Dungeon.
             The game lasted 00:08:46 (5392 turns).

reriks the Stinger (Naga Venom Mage)                Turns: 5392, Time: 00:08:46

Health: 0/49       AC:  3    Str: 10    XL:     6   Next: 7%
Magic:  3/10       EV: 10    Int: 17    God:
Gold:   194        SH:  0    Dex: 15    Spells: 4/11 levels left

rFire   . . .      SeeInvis +   l - +5 sling of Courage {freeze, Dex+3}
rCold   . . .      Faith    .   (no shield)
rNeg    . . .      Spirit   .   a - +0 robe
rPois   +          Reflect  .   (no helmet)
rElec   .          Harm     .   (no cloak)
rCorr   .          Rampage  .   (no gloves)
Will    .....                   (no barding)
Stlth   +++.......              (no amulet)
HPRegen 0.16/turn               (no ring)
MPRegen 0.12/turn               (no ring)

@: very slow
A: AC +2, large, see invisible, deformed body, poison resistance, slowness 2,
spit poison 1, naga tail 1
a: Spit Poison


You were on level 4 of the Dungeon.
You visited 1 branch of the dungeon, and saw 4 of its levels.

You collected 194 gold pieces.

Inventory:

Hand Weapons
 e - a +0 dagger
 i - a +0 mace
 l - the +5 sling of Courage (weapon) {freeze, Dex+3}
   (You found it on level 2 of the Dungeon)

   Any ammunition fired from it freezes those it strikes, dealing additional
   cold damage.
   It can also slow down cold-blooded creatures.
   Dex:       It affects your dexterity (+3).
Armour
 a - a +0 robe (worn)
Jewellery
 g - a ring of ice
Wands
 j - a wand of digging (4)
Scrolls
 f - a scroll of fear
 o - 2 scrolls of amnesia
Potions
 b - a potion of magic
 c - 4 potions of curing
 d - a potion of mutation {unknown}
 h - a potion of lignification {unknown}
 m - 2 potions of heal wounds {unknown}


   Skills:
 + Level 0.9 Ranged Weapons
 + Level 2.6 Dodging
 + Level 4.9 Stealth
 + Level 3.0 Spellcasting
 - Level 2.1 Transmutations
 * Level 5.5 Poison Magic


You had 4 spell levels left.
You knew the following spells:

 Your Spells              Type           Power      Damage    Failure   Level
a - Sting                 Tmut/Pois      60%        1d6       3%          1
b - Poisonous Vapours     Pois/Air       22%        N/A       9%          2
c - Olgreb's Toxic Radia  Pois           21%        N/A       19%         4

Your spell library contained the following spells:

 Spells                   Type           Power      Damage    Failure   Level
 Freeze                   Ice            8%         1d3       17%         1
 Passwall                 Tmut/Erth      5%         N/A       17%         2
 Mephitic Cloud           Conj/Pois/Air  8%         N/A       24%         3
 Ensorcelled Hibernation  Hex/Ice        4%         N/A       26%         2
 Frozen Ramparts          Ice            4%         1d2       45%         3
 Swiftness                Air            2%         N/A       45%         3
 Hailstorm                Conj/Ice       2%         3d3       86%         4
 Leda's Liquefaction      Hex/Erth       1%         N/A       86%         4
 Lee's Rapid Deconstruct  Erth           1%         3d5*      99%         5
 Statue Form              Tmut/Erth      4%         N/A       100%        6


Dungeon Overview and Level Annotations

Branches:
Dungeon (4/15)             Temple (0/1) D:4

Altars:
Xom

Shops:
D:2 *

Annotations:
D:4 Blork the orc


Innate Abilities, Weirdness & Mutations

Your serpentine skin is tough. (AC +2)
You have supernaturally acute eyesight. (SInv)
Armour fits poorly on your strangely shaped body.
Your system is resistant to poisons. (rPois)
You cover ground very slowly.
You can spit poison.
You have a snake-like lower body.


Message History

Blork the orc hits you with a +3 war axe of electrocution!
Blork the orc gestures wildly while chanting.
Blork the orc seems to speed up.
You shoot a sling bullet.
The sling bullet barely misses Blork the orc.
Blork the orc points at you and mumbles some strange words.
The puff of flame hits you.
Blork the orc hits you with a +3 war axe of electrocution!
Your magical contamination has completely faded away.
Casting: Poisonous Vapours (safe; 9% risk of failure)
Confirm with . or Enter, or press ? or * to list all spells.
Aiming: Poisonous Vapours (safe; 9% risk of failure)
Press: ? - help, Dir - move target, f/p - Blork the orc
Aim: Blork the orc, wielding a +3 war axe of electrocution and wearing a +0 robe (heavily wounded, fast, poisoned) Poisonous vapours surround Blork the orc!
Blork the orc looks even sicker.
Blork the orc hits you but does no damage.
You are too injured to fight recklessly!
Casting: Poisonous Vapours (safe; 9% risk of failure)
Confirm with . or Enter, or press ? or * to list all spells.
Aiming: Sting (safe; 3% risk of failure)
Press: ? - help, Shift-Dir - straight line, f/p - Blork the orc
Aim: Blork the orc, wielding a +3 war axe of electrocution and wearing a +0 robe (heavily wounded, fast, very poisoned, 77% to hit)
The sting hits Blork the orc but does no damage.
Blork the orc looks even sicker.
Blork the orc is heavily wounded.
Blork the orc closely misses you.
Blork the orc hits you with a +3 war axe of electrocution!
* * * LOW HITPOINT WARNING * * *
You are too injured to fight recklessly!
Casting: Sting (safe; 3% risk of failure)
Confirm with . or Enter, or press ? or * to list all spells.
Aiming: Sting (safe; 3% risk of failure)
Press: ? - help, Shift-Dir - straight line, f/p - Blork the orc
Aim: Blork the orc, wielding a +3 war axe of electrocution and wearing a +0 robe (severely wounded, fast, very poisoned, 77% to hit)
The sting hits Blork the orc.
Blork the orc looks as sick as possible!
Blork the orc is severely wounded.
Blork the orc hits you with a +3 war axe of electrocution!
You die...

...................####
................####
..##............#
..###..........##
####............#
................#
..........###...#
................######
................@....#
................o###.#
.............###.8.#.#
.............##......#
............###8.>.8.#
............# #......#
............# ##.8.###
....##...##** #####
....#,,,,*


You could see Blork the orc (fast, extremely poisoned).

Vanquished Creatures
  A scorpion (D:4)
  An iguana (D:4)
  7 adders
  A worm (D:2)
  2 dart slugs
  7 orcs
  6 bats
  8 endoplasms
  2 giant cockroaches
  4 goblins
  5 hobgoblins
  4 jackals
  A quokka (D:1)
  6 ball pythons
  10 frilled lizards
  6 kobolds
  6 rats
77 creatures vanquished.

Notes
Turn   | Place    | Note
-------+----------+-------------------------------------------
     0 | D:1      | reriks the Naga Venom Mage began the quest for the Orb.
     0 | D:1      | Reached XP level 1. HP: 15/15 MP: 3/3
   495 | D:1      | Reached XP level 2. HP: 20/22 MP: 0/5
   548 | D:1      | Learned a level 2 spell: Poisonous Vapours
  1009 | D:1      | Found a faded altar of an unknown god.
  1134 | D:1      | Reached XP level 3. HP: 28/28 MP: 4/6
  1518 | D:2      | Found Vaysh's Assorted Antiques.
  2761 | D:2      | Reached XP level 4. HP: 33/36 MP: 1/7
  3578 | D:2      | Found a shimmering altar of Xom.
  3722 | D:2      | Identified the +5 sling of Courage {freeze, Dex+3}
  4394 | D:3      | Reached XP level 5. HP: 42/42 MP: 3/9
  4690 | D:4      | Learned a level 4 spell: Olgreb's Toxic Radiance
  4706 | D:4      | Reached skill level 5 in Poison Magic
  4909 | D:4      | Reached XP level 6. HP: 45/49 MP: 6/10
  5376 | D:4      | Found a staircase to the Ecumenical Temple.
  5378 | D:4      | Noticed Blork the orc
  5392 | D:4      | Slain by Blork the orc

Illustrated notes

Levels and vault maps discovered:
D:1:      denvon_arrival_waterhouse, layout_basic,
          chequers_ecumenical_altar_island, due_unseen_surprise
D:2:      layout_loops_corners, basic_altar, serial_shops,
          nicolae_shop_statue_plus, kennysheep_generic_room_16
D:3:      layout_rooms, minmay_checkerbox
D:4:      layout_cave_pools, minmay_temple_entry_statues_pillars,
          uniq_blork_the_orc

Skill      XL: |  1  2  3  4  5  6 |
---------------+-------------------+-----
Dodging        | 2 |  2.6
Stealth        | 4 |  4.9
Transmutations | 2 |  2.1
Poison Magic   | 5 |  5.5
Spellcasting   | 3 |  3.0
Ranged Weapons | |  0.9

Action                   |  1- 3 |  4- 6 || total
-------------------------+-------+-------++-------
Melee: Unarmed           |    11 |       ||    11
       Dagger            |    22 |     6 ||    28
 Fire: Sling             |       |    61 ||    61
 Cast: Sting             |    43 |    11 ||    54
       Poisonous Vapours |    34 |    28 ||    62
 Abil: Spit Poison       |       |     1 ||     1
  Use: Scroll            |       |     9 ||     9
 Stab: Sleeping          |     1 |       ||     1
Armor: Robe              |    14 |     6 ||    20
Dodge: Dodged            |    24 |    15 ||    39

Table legend: (Time is in decaauts)
 A = Elapsed time spent in this place.
 B = Non-inter-level travel time spent in this place.
 C = Inter-level travel time spent in this place.
 D = Time resting spent in this place.
 E = Time spent auto-exploring this place.
 F = Levels seen in this place.
 G = Mean time per level.
                   A        B        C        D        E       F      G
               +--------+--------+--------+--------+--------+-----+--------+
         Total |   6300 |   5968 |    332 |   2663 |   2616 |   4 | 1575.0 |
       Dungeon |   6300 |   5968 |    332 |   2663 |   2616 |   4 | 1575.0 |
               +--------+--------+--------+--------+--------+-----+--------+

Top non-repeatable levels by time:
     D:2: 2652 daAuts
     D:1: 1888 daAuts
     D:3: 911 daAuts
     D:4: 847 daAuts
